 Dungeon Crawl Stone Soup version 0.31-a0-574-g69dc8cc98e (webtiles) character file.

Game seed: 578663010295638658

1918491 rjrrt the Conqueror (level 26, 266/266 HPs)
             Began as a Minotaur Berserker on Aug 18, 2023.
             Was the Champion of Trog.
             Escaped with the Orb
             ... and 3 runes on Aug 19, 2023!
             The game lasted 02:29:07 (53918 turns).

rjrrt the Conqueror (Minotaur Berserker)           Turns: 53918, Time: 02:29:08

Health: 266/266    AC: 48    Str: 42    XL:     26   Next: 88%
Magic:  7/7        EV: 25    Int:  4    God:    Trog [******]
Gold:   5156       SH: 27    Dex: 16    Spells: 25/25 levels left

rFire   + + .        m - +8 broad axe (antimagic)
rCold   + + .        d - +5 Storm Queen's Shield {shock, Fly rElec}
rNeg    . . .        U - +10 gold dragon scales
rPois   +            k - +0 mask of the Dragon {Will+ Slay+3 SInv}
rElec   +            J - +1 cloak {rCorr}
rCorr   +            Q - +2 pair of gloves
SInv    +            y - +0 pair of boots of Sorcery {Contam Str+6 Slay+5}
Will    +++..        I - amulet "Pari" {Reflect Regen+ Str+4 Dex+2 SH+5} Stlth
                     r - ring "Cime" {rF+ rC+ Will+ Str+4 SInv}
HPRegen 1.44/turn    H - +5 ring of evasion
MPRegen 0.10/turn

%: reflection
@: flying, hasted, very quick
A: horns 2, retaliatory headbutt, iridescent scales 1, deterioration 1, weak 1
0: Orb of Zot
}: 3/15 runes: decaying, silver, gossamer
a: Renounce Religion, Berserk, Trog's Hand, Brothers in Arms


You escaped.
You worshipped Trog.
Trog was exalted by your worship.
You visited 10 branches of the dungeon, and saw 50 of its levels.
You also visited: Trove, Volcano and Wizlab.

You collected 9083 gold pieces.
You spent 3927 gold pieces at shops.

Inventory:

Hand Weapons
 a - the +8 mithril axe "Arga" {speed, Will+}
   (You found it in a treasure trove)

   Will+:     It increases your willpower.
 e - a +2 broad axe of chaos
 f - a +6 broad axe of flaming
 m - a +8 antimagic broad axe (weapon)
Missiles
 o - 13 throwing nets
 N - 15 silver javelins
 P - 25 javelins (quivered)
Armour
 d - the +5 Storm Queen's Shield (worn) {shock, Fly rElec}
   (You acquired it on level 10 of the Dungeon)

   Shock:     When it blocks an attack, it may electrocute the attacker.
   This works even against foes who are a short distance away.
   rElec:     It insulates you from electricity.
   Fly:       It grants you flight.
 k - the +0 mask of the Dragon (worn) {Will+ Slay+3 SInv}
   (You found it on level 1 of the Depths)

   Slay+3:    It affects your accuracy & damage with ranged weapons and melee
   (+3).
   Will+:     It increases your willpower.
   SInv:      It lets you see invisible.
 y - the +0 pair of boots of Sorcery (worn) {Contam Str+6 Slay+5}
   (You found it in a treasure trove)

   Str+6:     It affects your strength (+6).
   Slay+5:    It affects your accuracy & damage with ranged weapons and melee
   (+5).
   Contam:    It causes magical contamination when unequipped.
 J - a +1 cloak of preservation (worn)
 Q - a +2 pair of gloves (worn)
 U - +10 gold dragon scales (worn)
Jewellery
 r - the ring "Cime" (left hand) {rF+ rC+ Will+ Str+4 SInv}
   (You found it in a treasure trove)

   [ring of protection from cold]

   Str+4:     It affects your strength (+4).
   rF+:       It protects you from fire.
   rC+:       It protects you from cold.
   Will+:     It increases your willpower.
   SInv:      It lets you see invisible.
 H - a +5 ring of evasion (right hand)
 I - the amulet "Pari" (around neck) {Reflect Regen+ Str+4 Dex+2 SH+5}
   (You bought it in a shop on level 2 of the Orcish Mines)

   [amulet of reflection]

   Reflect:   It reflects blocked missile attacks.
   Str+4:     It affects your strength (+4).
   Dex+2:     It affects your dexterity (+2).
   Regen+:    It increases your rate of health regeneration.
   SH+5:      It affects your SH (+5).
Wands
 q - a wand of mindburst (11)
 u - a wand of iceblast (51)
 z - a wand of paralysis (38)
 A - a wand of acid (30)
 G - a wand of digging (19)
Scrolls
 h - 24 scrolls of teleportation
 i - 8 scrolls of fear
 v - 9 scrolls of blinking
 x - 4 scrolls of fog
 E - 2 scrolls of poison
 F - 4 scrolls of revelation
 M - 4 scrolls of butterflies
Potions
 c - 21 potions of curing
 g - 9 potions of lignification
 j - 11 potions of invisibility
 n - 2 potions of berserk rage
 p - 8 potions of might
 w - 4 potions of resistance
 B - 7 potions of mutation
 C - 6 potions of enlightenment
 D - 2 potions of cancellation
 K - 15 potions of haste
 L - 3 potions of attraction
 O - 11 potions of heal wounds
 R - 6 potions of ambrosia
Miscellaneous
 s - a phantom mirror


   Skills:
 O Level 27 Fighting
 + Level 24.2 Axes
 - Level 10.0 Throwing
 O Level 27 Armour
 + Level 22.1 Dodging
 + Level 24.2 Shields
 - Level 15.0 Evocations


You had 25 spell levels left.
You didn't know any spells.
Your spell library was empty.

Dungeon Overview and Level Annotations

Branches:
Dungeon (15/15)            Temple (0/1) D:5            Lair (5/5) D:10
  Swamp (4/4) Lair:3       Spider (4/4) Lair:2        Slime (0/5) Lair:4
    Orc (2/2) D:10            Elf (3/3) Orc:2        Vaults (5/5) D:13
  Crypt (3/3) Vaults:3       Tomb (0/3) Crypt:3      Depths (4/4) D:15
    Zot (5/5) Depths:4    Volcano (visited)          WizLab (visited)

Altars:
Ashenzari
Cheibriados
Elyvilon
Fedhas
Hepliaklqana
Kikubaaqudgha
Makhleb
Nemelex Xobeh
Okawaru
Qazlal
Ru
Sif Muna
Trog
Uskayaw
Vehumet
Yredelemnul
The Shining One
Jiyva
Lugonu

Shops:
D:10 ([   D:15 **   Orc:2 (!?=   Elf:1 :[   Elf:3 :   Vaults:2 (   Vaults:3 ?**
Vaults:5 !

Portals:
Hell: Depths:1 Depths:2 Depths:3 Depths:4
Abyss: Lair:5 Depths:2 Depths:3 Depths:4
Pandemonium: Depths:2
Ziggurat: Depths:3

Annotations:
Lair:4 1 runed translucent door
Elf:2 3 runed translucent doors
Zot:3 exclusion: door


Innate Abilities, Weirdness & Mutations

You have a pair of horns on your head.
You reflexively headbutt those who attack you in melee.
You are partially covered in iridescent scales. (AC +2)
Your body sometimes deteriorates upon taking damage.
You are weak. (Str -2)


Message History

Your stone giant hits the demonspawn blood saint!!!
The demonspawn blood saint dies!
Trog accepts your kill.
The blizzard demon waves its arms in wide circles.
The air twists around and strikes you!!
The demonspawn blood saint calls on the powers of chaos!
The blizzard demon suddenly seems more resistant.
Your stone giant closely misses the demonspawn blood saint.
Your stone giant hits the demonspawn blood saint!!
You slash the blizzard demon!
The blizzard demon's magic leaks into the air.
The blizzard demon is lightly wounded.
Unknown command.
You chop the blizzard demon into pieces!!!
The blizzard demon's magic leaks into the air.
You headbutt the blizzard demon!
The blizzard demon is almost dead.
Your stone giant hits the demonspawn blood saint!!
Unknown command.
You slash the demonspawn blood saint!
The demonspawn blood saint is heavily wounded.
Your stone giant hits the blizzard demon!!!
The blizzard demon dies!
Trog accepts your kill.
Unknown command.
You slice the demonspawn blood saint!!
Your headbutt misses the demonspawn blood saint.
The demonspawn blood saint is severely wounded.
Unknown command.
You hit the demonspawn blood saint.
The demonspawn blood saint is severely wounded.
Unknown command.
You slice the demonspawn blood saint!!
You kill the demonspawn blood saint!
Trog accepts your kill.
Unknown command.
Unknown command.
Your stone giant rages.
There is a staircase leading out of the dungeon here.
You have escaped!

#..#......)......#.....#
#.....###...###...#.####
##....#>......#.....#
#....#.......#....####
#####.#.............#....#
#.....#......#[.....#....#
..###.#.............#....#
...##..).#.......#.......#
...##....#(....C@#.......#
...##....###...###.......#
......#.............#.####
......#.............#.#
...#..###...###...###.#
...#...#.##.........#.#
....................#.#
....................#.#
.........##...........#


You could see a friendly stone giant (summoned, berserk).

Vanquished Creatures
  A seraph (Zot:2)
  4 dread liches
  5 orbs of fire
  7 ancient liches
  Boris (Vaults:4)
  Parghit (Depths:4)
  Sojobo (Depths:4)
  4 Killer Klowns (Zot:5)
  Bai Suzhen (Crypt:3)
  Frederick (Crypt:1)
  Xtahua (Vaults:2)
  2 curse toes
  5 caustic shrikes (Depths:4)
  15 golden dragons
  Jory (Depths:4)
  The ghost of Qecvurom the Warrior, an adept DrRe of Fedhas (Vaults:2)
  A bone dragon (Depths:4)
  3 electric golems
  3 doom hounds (Crypt:2)
  3 hellephants (Depths:1)
  A Cloud Mage (WizLab)
  15 tentacled monstrosities
  A shard shrike skeleton (Crypt:3)
  2 walking frostbound tomes (Depths:2)
  Zenata (Crypt:1)
  27 Orb Guardians
  Grunn (Crypt:2)
  3 deep elf blademasters
  A walking earthen tome (Depths:3)
  3 liches
  4 quicksilver dragons
  7 titans (Vaults:5)
  12 death cobs
  7 sphinxes
  Kirke (D:15)
  3 deep elf master archers (Elf:3)
  7 ancient champions (Crypt:3)
  Donald (Crypt:2)
  2 thorn hunters (Swamp:4)
  Aizul (Spider:2)
  9 tengu reavers
  17 draconian monks
  6 shadow dragons
  10 storm dragons
  An azure jelly (shapeshifter) (Vaults:5)
  A demonspawn warmonger (D:5)
  A revenant (Crypt:3)
  3 draconian knights
  8 fire giants
  5 draconian scorchers
  The ghost of Tueseddi the Warrior, an adept OpCj of Hepliaklqana (Spider:3)
  8 frost giants
  9 emperor scorpions
  3 deep elf elementalists (Elf:3)
  A deep elf sorcerer (Elf:3)
  15 vault wardens
  An iron dragon (Vaults:5)
  8 ghost moths
  3 draconian shifters (Zot:4)
  3 orc warlords
  7 draconian stormcallers
  A demonspawn corrupter (D:5)
  3 ghouls
  5 draconian annihilators
  15 ironbound preservers
  An angel (Zot:2)
  2 spriggan defenders (Depths:3)
  2 reapers
  3 war gargoyles
  4 vampire knights
  10 very ugly things
  10 stone giants
  9 green draconians
  6 caustic shrike skeletons (Crypt:3)
  A formless jellyfish (Vaults:1)
  4 ironbound thunderhulks
  3 demonspawn blood saints
  9 black draconians
  9 deep elf annihilators
  12 yellow draconians
  4 deep elf demonologists
  12 red draconians
  17 dire elephants
  12 white draconians
  7 purple draconians
  12 spark wasps
  8 eidola
  13 ettins
  A blizzard demon (Zot:2)
  8 deep elf death magi
  Josephine (D:11)
  A crystal guardian (Vaults:2)
  18 fire dragons
  An ettin (shapeshifter) (Vaults:5)
  5 jiangshi
  15 yaktaur captains
  2 shambling mangroves
  3 deep elf high priests
  Erolcha (Orc:2)
  7 great orbs of eyes
  8 entropy weavers
  Fannar (Lair:3)
  21 hydras
  17 ice dragons
  29 vault guards
  A hell beast (Zot:1)
  2 ghost crabs (WizLab)
  11 centaur warriors
  5 rakshasas
  4 ogre magi
  2 catoblepae
  13 ironbound frosthearts
  6 spriggan air magi
  A jorogumo (Spider:2)
  2 fenstrider witch skeletons (Crypt:3)
  A death knight (Crypt:2)
  2 two-headed ogres
  A peacekeeper (Vaults:2)
  4 radroaches
  2 alligators
  21 dancing weapons
  10 hell hogs
  8 boulder beetles
  4 tengu warriors
  13 deep troll earth magi
  5 deep troll shamans
  8 spriggan berserkers
  The ghost of Newt the Twirler, a novice DsGl of Gozag (D:8)
  2 shock serpents (WizLab)
  6 vampire magi
  6 demonic crawlers
  3 thrashing horrors (Lair:5)
  A sphinx skeleton (Crypt:2)
  9 iron trolls
  A hell knight (D:13)
  A skyshark (Lair:5)
  12 deep elf knights
  6 pharaoh ants
  A shadow wraith (Crypt:3)
  27 skeletal warriors
  2 titan skeletons (Crypt:3)
  A goliath frog (Swamp:1)
  3 flayed ghosts
  A spriggan druid (Swamp:4)
  Lodul (D:10)
  A sun moth (Spider:2)
  An obsidian statue (Zot:5)
  4 glowing orange brains
  59 deep trolls
  7 swamp dragons (Swamp:4)
  A bunyip skeleton (Crypt:3)
  8 bog bodies
  A shadow demon (D:5)
  3 death drakes (WizLab)
  2 large abominations (Lair:5)
  9 lindwurms
  6 wizards
  7 steelbarb worms
  A golden dragon skeleton (Crypt:1)
  11 ironbound convokers
  9 orb spiders
  11 deep elf archers
  A goliath frog zombie (Crypt:3)
  8 phantasmal warriors
  An iron giant skeleton (Crypt:3)
  30 deep elf pyromancers
  3 harpies (Vaults:1)
  5 cyclopes
  30 deep elf zephyrmancers
  14 wolf spiders
  5 necromancers
  A shadow dragon skeleton (Crypt:3)
  15 orc knights
  2 human zombies (Vaults:4)
  4 manticores
  33 ugly things
  8 orc sorcerers
  2 stone giant skeletons (Crypt:3)
  A goliath frog skeleton (Crypt:2)
  4 will-o-the-wisps
  20 moths of wrath
  Maurice (D:11)
  16 vault sentinels
  10 elephants
  A rust devil (Zot:1)
  2 smoke demons
  6 torpor snails
  A black mamba (Lair:1)
  4 gargoyles
  An eye of devastation (shapeshifter) (Depths:2)
  4 apocalypse crabs (WizLab)
  6 cane toads
  2 dire elephant skeletons (Crypt:3)
  A naga skeleton (Crypt:3)
  2 unseen horrors
  31 yaktaurs
  5 komodo dragons
  3 efreet
  2 rime drakes
  Maggie (D:6)
  5 kobold demonologists
  9 freezing wraiths
  A tengu conjurer (Depths:1)
  A black draconian skeleton (Crypt:3)
  11 trolls
  3 red devils (D:10)
  A hellwing (D:10)
  A harpy zombie (Crypt:1)
  A death yak skeleton (Crypt:1)
  A troll (shapeshifter) (Elf:1)
  6 meliai
  A queen bee (shapeshifter) (Lair:5)
  A hydra skeleton (Crypt:3)
  A tyrant leech (Swamp:1)
  14 hornets
  A raiju (Lair:5)
  20 tarantellas
  A hornet (shapeshifter) (D:13)
  A dream sheep (shapeshifter) (D:15)
  An ettin zombie (Crypt:1)
  20 blink frogs
  A raiju (shapeshifter) (D:14)
  6 flying skulls
  Sigmund (D:3)
  An ettin skeleton (Crypt:3)
  A slime creature (shapeshifter) (Vaults:5)
  4 air elementals
  27 slime creatures
  29 culicivoras
  12 spriggans
  29 jumping spiders
  2 centaur simulacra
  3 vampires
  2 wyverns
  9 wraiths
  2 shadows
  3 fire elementals
  57 yaks
  2 ynoxinuls (Lair:5)
  9 water elementals
  Eustachio (D:6)
  4 hogs (D:15)
  A fire bat (shapeshifter) (Lair:5)
  2 steam dragons
  9 basilisks
  2 chaos spawn (Lair:5)
  68 redbacks
  A deep troll zombie (Crypt:3)
  Menkaure (D:4)
  A harpy simulacrum (Crypt:1)
  9 vampire mosquitoes
  2 acid dragons
  18 water moccasins
  2 wargs (Orc:2)
  5 swamp worms
  A fire bat skeleton (Crypt:3)
  A merfolk skeleton (Crypt:1)
  A glowing shapeshifter skeleton (Vaults:4)
  Duvessa (D:6)
  7 swamp drakes (Swamp:4)
  A black bear (D:6)
  A black bear (shapeshifter) (D:13)
  24 orc warriors
  An ice beast (D:7)
  A lindwurm zombie (Crypt:2)
  2 sky beasts
  9 wolves
  19 ogres
  A centaur (shapeshifter) (Vaults:5)
  10 centaurs
  2 human skeletons (Vaults:4)
  2 phantoms
  7 kobold brigands
  9 bullfrogs
  A necrophage (Crypt:1)
  3 scorpions
  An elf skeleton (Crypt:2)
  A salamander skeleton (Crypt:3)
  3 earth elementals
  2 gnoll sergeants
  10 small abominations (Lair:5)
  Dowan (D:6)
  A shapeshifter zombie (Crypt:3)
  21 wights
  14 killer bees
  A queen bee zombie (Crypt:1)
  6 howler monkeys
  A spriggan skeleton (Crypt:3)
  A troll skeleton (Crypt:3)
  An electric eel (Spider:4)
  5 hounds
  17 orc priests
  3 gnoll boudas
  2 jellies (D:5)
  Crazy Yiuf (D:6)
  2 iguanas
  29 orc wizards
  24 gnolls
  9 adders
  A howler monkey skeleton (Crypt:1)
  2 shadow imps (D:8)
  2 white imps
  An iguana zombie (Crypt:3)
  An iguana skeleton (Crypt:1)
  A dart slug (D:1)
  77 orcs
  5 endoplasms
  4 giant cockroaches
  A gnoll zombie (Crypt:2)
  7 goblins
  2 hobgoblins
  6 jackals (D:2)
  2 quokkas (D:3)
  2 ball pythons (D:3)
  4 bats
  A jackal skeleton (Crypt:1)
  2 jackal zombies
  24 kobolds
  An orc zombie (Crypt:1)
  2 rats
2086 creatures vanquished.

Vanquished Creatures (collateral kills)
  A revenant (Crypt:1)
  2 deep elf elementalists (Elf:3)
  A demonspawn blood saint (D:1)
  A deep elf annihilator (Elf:3)
  A deep elf demonologist (Elf:3)
  A vampire knight (Crypt:1)
  A blizzard demon (D:1)
  2 deep elf death magi (Elf:3)
  A deep elf high priest (Elf:3)
  2 orb spiders (Spider:4)
  A deep elf pyromancer (Elf:3)
  A deep elf zephyrmancer (Elf:3)
  3 culicivoras (Spider:4)
18 creatures vanquished.

Vanquished Creatures (others)
  A ghost moth (Zot:1)
  A draconian annihilator (Zot:4)
  A black draconian (Zot:1)
  A spark wasp (WizLab)
  An ice dragon (Depths:1)
  A spriggan air mage (WizLab)
  3 ghost crabs (WizLab)
  2 death drakes (WizLab)
  A bog body (Swamp:1)
  An apocalypse crab (WizLab)
  2 bloated husks (Swamp:1)
  A wind drake (WizLab)
  An orc (D:8)
  14 foxfires
31 creatures vanquished.

Grand Total: 2135 creatures vanquished

Notes
Turn   | Place    | Note
-------+----------+-------------------------------------------
     0 | D:1      | rjrrt the Minotaur Berserker began the quest for the Orb.
     0 | D:1      | Reached XP level 1. HP: 19/19 MP: 0/0
   228 | D:1      | Reached XP level 2. HP: 24/26 MP: 1/1
   477 | D:2      | Identified the +1 ring mail of Absence {Will+}
   649 | D:2      | Reached skill level 5 in Axes
   649 | D:2      | Reached XP level 3. HP: 31/31 MP: 2/2
  1196 | D:3      | Noticed Sigmund
  1204 | D:3      | Killed Sigmund
  1205 | D:3      | Reached XP level 4. HP: 35/39 MP: 3/3
  1205 | D:3      | Reached XP level 5. HP: 40/45 MP: 4/4
  1365 | D:3      | Found a blossoming altar of Fedhas.
  1618 | D:3      | Reached ** piety under Trog
  1621 | D:3      | Reached XP level 6. HP: 43/51 MP: 5/5
  2182 | D:4      | Reached XP level 7. HP: 35/57 MP: 6/6
  2402 | D:4      | Noticed Menkaure
  2406 | D:4      | Killed Menkaure
  2407 | D:4      | Reached skill level 10 in Axes
  2646 | D:5      | Entered Level 5 of the Dungeon
  2876 | D:5      | Reached XP level 8. HP: 64/66 MP: 7/7
  2983 | D:5      | Found a stormy altar of Qazlal.
  3065 | D:5      | Reached *** piety under Trog
  3150 | D:5      | Found a staircase to the Ecumenical Temple.
  3281 | D:5      | Found a sacrificial altar of Ru.
  3795 | D:6      | Reached skill level 5 in Fighting
  3823 | D:6      | Found a runed translucent door.
  3824 | D:6      | Noticed Crazy Yiuf
  3831 | D:6      | Killed Crazy Yiuf
  3858 | D:6      | Noticed Eustachio
  3867 | D:6      | Killed Eustachio
  3907 | D:6      | Reached XP level 9. HP: 48/74 MP: 8/8
  3921 | D:6      | Reached skill level 5 in Armour
  4118 | D:6      | Noticed Maggie
  4138 | D:6      | Killed Maggie
  4249 | D:6      | Reached skill level 5 in Dodging
  4262 | D:6      | Noticed Duvessa
  4263 | D:6      | Noticed Dowan
  4269 | D:6      | Killed Duvessa
  4275 | D:6      | Killed Dowan
  4371 | D:6      | Found a white marble altar of Elyvilon.
  4378 | D:6      | Found a radiant altar of Vehumet.
  4381 | D:6      | Found a burning altar of Makhleb.
  4382 | D:6      | Found a hazy altar of Hepliaklqana.
  4383 | D:6      | Found a basalt altar of Yredelemnul.
  4383 | D:6      | Found a snail-covered altar of Cheibriados.
  4383 | D:6      | Found a bloodstained altar of Trog.
  4387 | D:6      | Found a sparkling altar of Nemelex Xobeh.
  4389 | D:6      | Found a hide-covered altar of Uskayaw.
  4483 | D:7      | Identified the +0 scale mail of Defence {Str-2 Dex+3 SInv}
  4670 | D:7      | Reached skill level 1 in Throwing
  4670 | D:7      | Reached skill level 1 in Evocations
  4772 | D:7      | You fall into a shaft and drop 3 floors!
  4772 | D:10     | Entered Level 10 of the Dungeon
  4896 | D:9      | Reached **** piety under Trog
  5122 | D:7      | Reached XP level 10. HP: 86/86 MP: 9/9
  6109 | D:8      | Found a shimmering blue altar of Sif Muna.
  6238 | D:8      | Found a transporter.
  6240 | D:8      | Noticed Newt's ghost (novice DsGl)
  6255 | D:8      | Found a transporter.
  6944 | D:8      | Killed Newt's ghost
  7426 | D:9      | Found a broken altar of Ashenzari.
  7909 | D:10     | Noticed a smoke demon
  7921 | D:10     | Reached XP level 11. HP: 37/95 MP: 10/10
  8421 | D:10     | Found a staircase to the Lair.
  8434 | D:10     | Identified a scroll of acquirement
  8434 | D:10     | Acquired the +5 Storm Queen's Shield {shock, Fly rElec}
  8434 | D:10     | Found the +5 Storm Queen's Shield {shock, Fly rElec}
  8496 | D:10     | Found Utyoda Joth's Weapon Emporium.
  8496 | D:10     | Found a staircase to the Orcish Mines.
  8496 | D:10     | Found Onajy's Armour Emporium.
  8540 | D:10     | Reached skill level 1 in Shields
  8765 | D:10     | Noticed Lodul
  8779 | D:10     | Killed Lodul
  8985 | D:10     | Reached ***** piety under Trog
  9136 | D:10     | Found a glowing golden altar of the Shining One.
  9446 | Lair:1   | Entered Level 1 of the Lair of Beasts
  9773 | Lair:1   | Reached skill level 10 in Fighting
 10179 | Lair:1   | Reached XP level 12. HP: 58/106 MP: 11/11
 10537 | Lair:2   | Reached skill level 10 in Armour
 10540 | Lair:2   | Reached skill level 5 in Shields
 10727 | Lair:2   | Found a snail-covered altar of Cheibriados.
 10920 | Lair:2   | Reached skill level 15 in Axes
 11287 | Lair:2   | Found a hole to the Spider Nest.
 11799 | Lair:3   | Noticed Fannar
 11821 | Lair:3   | Killed Fannar
 12054 | Lair:3   | Identified the +3 robe "Kelycuad" {rC- Will+ Archmagi}
 12061 | Lair:3   | Found a staircase to the Swamp.
 12337 | Lair:3   | Reached skill level 10 in Dodging
 12438 | Lair:3   | Noticed a boulder beetle
 12454 | Lair:3   | Killed a boulder beetle
 12914 | Lair:4   | Noticed an eight-headed hydra
 13182 | Lair:4   | Found a runed translucent door.
 13185 | Lair:4   | Noticed a six-headed hydra
 13269 | Lair:4   | Reached XP level 13. HP: 116/116 MP: 12/12
 13794 | Lair:4   | Found a runed translucent door.
 13794 | Lair:4   | Found a viscous altar of Jiyva.
 13795 | Lair:4   | Found a staircase to the Slime Pits.
 14281 | Lair:5   | Entered Level 5 of the Lair of Beasts
 14292 | Lair:5   | Received a gift from Trog
 15213 | Lair:5   | Reached ****** piety under Trog
 15400 | Lair:5   | Received a gift from Trog
 15609 | Lair:5   | Found a corrupted altar of Lugonu.
 15609 | Lair:5   | Found a one-way gate to the infinite horrors of the Abyss.
 15668 | Lair:5   | Reached XP level 14. HP: 126/127 MP: 13/13
 16055 | D:11     | Noticed Maurice
 16069 | D:11     | Killed Maurice
 16095 | D:11     | Noticed Josephine
 16100 | D:11     | Killed Josephine
 17090 | D:12     | Reached skill level 10 in Shields
 17265 | D:12     | Received a gift from Trog
 18602 | D:13     | Found a gate to the Vaults.
 18819 | Orc:1    | Entered Level 1 of the Orcish Mines
 18969 | Orc:1    | Received a gift from Trog
 19234 | Orc:2    | Entered Level 2 of the Orcish Mines
 19273 | Orc:2    | Found a dark tunnel.
 19285 | Volcano  | Entered a volcano
 19546 | Orc:2    | Found a staircase to the Elven Halls.
 20033 | Orc:2    | Found a burning altar of Makhleb.
 20260 | Orc:2    | Received a gift from Trog
 20297 | Orc:2    | Found Toemes's Magic Scroll Shop.
 20314 | Orc:2    | Bought a scroll of identify for 26 gold pieces
 20314 | Orc:2    | Bought a scroll of identify for 26 gold pieces
 20372 | Orc:2    | Found a radiant altar of Vehumet.
 20372 | Orc:2    | Noticed Erolcha
 20405 | Orc:2    | Killed Erolcha
 20488 | Orc:2    | Found Xihig's Antique Weapon Shop.
 20509 | Orc:2    | Paralysed by an orc sorcerer for 4 turns
 20540 | Orc:2    | Found an ancient bone altar of Kikubaaqudgha.
 20584 | Orc:2    | Found Oleusa's Jewellery Boutique.
 20585 | Orc:2    | Paralysed by an orc sorcerer for 4 turns
 21107 | Orc:2    | Found Budghuxte's Distillery.
 21122 | Orc:2    | Bought the amulet "Pari" {Reflect Regen+ Str+4 Dex+2 SH+5}
                  | for 843 gold pieces
 21405 | D:14     | Reached XP level 15. HP: 138/138 MP: 14/14
 21416 | D:14     | Received a gift from Trog
 22204 | D:15     | Entered Level 15 of the Dungeon
 22266 | D:15     | Found Tudunys's General Store.
 22268 | D:15     | Found Wakaengonu's Specific Store.
 22278 | D:15     | Bought a scroll of enchant weapon for 120 gold pieces
 22737 | D:15     | Reached skill level 15 in Fighting
 22825 | D:15     | Noticed Kirke
 22831 | D:15     | Received a gift from Trog
 22838 | D:15     | Killed Kirke
 22935 | D:15     | Found a staircase to the Depths.
 23371 | Swamp:1  | Entered Level 1 of the Swamp
 23488 | Swamp:1  | Reached skill level 15 in Armour
 23629 | Swamp:3  | Noticed a tentacled monstrosity
 23639 | Swamp:3  | Killed a tentacled monstrosity
 23727 | Swamp:4  | Entered Level 4 of the Swamp
 23895 | Swamp:4  | Noticed a thorn hunter
 23913 | Swamp:4  | Killed a thorn hunter
 23914 | Swamp:4  | Reached XP level 16. HP: 140/149 MP: 15/15
 24139 | Swamp:4  | Received a gift from Trog
 24160 | Swamp:4  | Noticed a thorn hunter
 24181 | Swamp:4  | Killed a thorn hunter
 24376 | Swamp:4  | Got a decaying rune of Zot
 24523 | Spider:1 | Entered Level 1 of the Spider Nest
 24780 | Spider:2 | Noticed Aizul
 24799 | Spider:2 | Killed Aizul
 24852 | Spider:2 | Received a gift from Trog
 24867 | Spider:2 | Reached skill level 15 in Dodging
 25104 | Spider:3 | Found a runed translucent door.
 25104 | Spider:3 | Noticed Tueseddi's ghost (adept OpCj)
 25154 | Spider:3 | Killed Tueseddi's ghost
 25212 | Spider:3 | Received a gift from Trog
 25235 | Spider:3 | Reached XP level 17. HP: 106/160 MP: 16/16
 25961 | Spider:4 | Entered Level 4 of the Spider Nest
 26099 | Spider:3 | Reached skill level 15 in Shields
 26702 | Spider:4 | Received a gift from Trog
 26842 | Spider:3 | Acquired 792 gold pieces
 27640 | Spider:4 | Got a gossamer rune of Zot
 28007 | D:10     | Bought a +0 pair of gloves for 67 gold pieces
 28098 | Vaults:1 | Entered Level 1 of the Vaults
 28252 | Vaults:1 | Reached XP level 18. HP: 163/172 MP: 17/17
 28342 | Vaults:1 | Received a gift from Trog
 28566 | Vaults:1 | Reached skill level 5 in Throwing
 28573 | Vaults:1 | Found a portal to a secret trove of treasure.
 28619 | Vaults:1 | You paid a toll of 4 potions of resistance to enter a
                  | treasure trove
 28620 | Trove    | Entered a treasure trove
 28625 | Trove    | Found the +8 mithril axe "Arga" {speed, Will+}
 28632 | Trove    | Identified the amulet of Minaste {RegenMP Contam +Inv rCorr
                  | Dex+2}
 28634 | Trove    | Identified the +4 falchion "Egrua" {pain, *Corrode rElec
                  | Int+5}
 28635 | Trove    | Identified the amulet of Moral Flaws {RegenMP Dex+8}
 28637 | Trove    | Identified the scarf of Fortification {+Inv, Dex+5}
 28638 | Trove    | Identified the ring "Cime" {rF+ rC+ Will+ Str+4 SInv}
 28649 | Trove    | Identified the +0 pair of boots of Sorcery {Contam Str+6
                  | Slay+5}
 28997 | Vaults:1 | You are sucked into a shaft and drop 1 floor!
 29076 | Vaults:2 | Reached skill level 5 in Evocations
 29461 | Vaults:2 | Noticed Xtahua
 29477 | Vaults:2 | Killed Xtahua
 29488 | Vaults:2 | Found a runed translucent door.
 29488 | Vaults:2 | Noticed Qecvurom's ghost (adept DrRe)
 29502 | Vaults:2 | Killed Qecvurom's ghost
 30143 | Vaults:2 | Received a gift from Trog
 30297 | Vaults:2 | Found Jooj's Antique Weapon Emporium.
 30423 | Vaults:2 | Noticed an ancient lich
 30426 | Vaults:2 | Killed an ancient lich
 30713 | Vaults:3 | Found Jead's Magic Scroll Shoppe.
 30719 | Vaults:3 | Bought a scroll of butterflies for 88 gold pieces
 30719 | Vaults:3 | Bought a scroll of enchant armour for 165 gold pieces
 30719 | Vaults:3 | Bought a scroll of revelation for 165 gold pieces
 30719 | Vaults:3 | Bought a scroll of revelation for 165 gold pieces
 30818 | Vaults:3 | Reached XP level 19. HP: 182/182 MP: 18/18
 30838 | Vaults:3 | Reached XP level 20. HP: 191/191 MP: 19/19
 31020 | Vaults:3 | Found Kurudacw's General Store.
 31025 | Vaults:3 | Bought a scroll of revelation for 112 gold pieces
 31025 | Vaults:3 | Bought a scroll of acquirement for 780 gold pieces
 31026 | Vaults:3 | Acquired a manual of Evocations
 31234 | Vaults:3 | Received a gift from Trog
 31267 | Vaults:3 | Found a staircase to the Crypt.
 31267 | Vaults:3 | Found a basalt altar of Yredelemnul.
 31267 | Vaults:3 | Found an ancient bone altar of Kikubaaqudgha.
 31274 | Crypt:1  | Entered Level 1 of the Crypt
 31298 | Crypt:1  | Noticed Zenata
 31319 | Crypt:1  | Killed Zenata
 31657 | Crypt:1  | Noticed Frederick
 31675 | Crypt:1  | Killed Frederick
 32270 | Crypt:2  | Received a gift from Trog
 32338 | Crypt:2  | Noticed Donald
 32345 | Crypt:2  | Killed Donald
 32571 | Crypt:2  | Noticed Grunn
 32575 | Crypt:2  | Noticed a doom hound
 32575 | Crypt:2  | Noticed a doom hound
 32576 | Crypt:2  | Noticed a doom hound
 32585 | Crypt:2  | Killed Grunn
 32590 | Crypt:2  | Killed a doom hound
 32592 | Crypt:2  | Killed a doom hound
 32596 | Crypt:2  | Killed a doom hound
 32723 | Crypt:2  | Identified the +11 halberd of Ysminibb {freeze, rElec Will+
                  | MP+9 SInv}
 32982 | Crypt:3  | Entered Level 3 of the Crypt
 32999 | Crypt:3  | Noticed an ancient lich
 33010 | Crypt:3  | Killed an ancient lich
 33013 | Crypt:3  | Noticed Bai Suzhen
 33033 | Crypt:3  | Killed Bai Suzhen
 33225 | Crypt:3  | Received a gift from Trog
 33259 | Crypt:3  | Found a staircase to the Tomb.
 33611 | Crypt:3  | Noticed a curse toe
 33628 | Crypt:3  | Killed a curse toe
 33917 | Crypt:3  | Reached skill level 10 in Evocations
 34133 | Crypt:3  | Reached XP level 21. HP: 202/202 MP: 20/20
 34270 | Crypt:3  | Received a gift from Trog
 34590 | Crypt:3  | Identified the +1 buckler of a treasure trove {Rampage MP-9
                  | Dex+3}
 35046 | Vaults:3 | Found Disigreg's General Store.
 35052 | Vaults:3 | Bought 2 potions of haste for 360 gold pieces
 35052 | Vaults:3 | Bought a scroll of blinking for 135 gold pieces
 35052 | Vaults:3 | Bought a potion of heal wounds for 90 gold pieces
 35794 | Vaults:4 | Received a gift from Trog
 35918 | Vaults:4 | Noticed Boris
 35938 | Vaults:4 | Killed Boris
 36607 | Elf:1    | Entered Level 1 of the Elven Halls
 36656 | Elf:1    | Found a radiant altar of Vehumet.
 36748 | Elf:1    | Received a gift from Trog
 37041 | Elf:1    | Found Hoime's Antique Armour Shoppe.
 37046 | Elf:1    | Found Hofodiuq's Book Shoppe.
 37062 | Elf:1    | Identified the +6 war axe of Ezae {flame, rElec rPois
                  | Will++}
 38178 | Elf:2    | Received a gift from Trog
 38197 | Elf:2    | Found a runed translucent gate.
 38201 | Elf:2    | Found a runed translucent gate.
 38201 | Elf:2    | Found a runed translucent gate.
 38285 | Elf:3    | Entered Level 3 of the Elven Halls
 38294 | Elf:3    | Reached XP level 22. HP: 213/213 MP: 21/21
 38525 | Elf:3    | Received a gift from Trog
 38706 | Elf:3    | Found Oggi's Book Emporium.
 39265 | Elf:3    | Identified the +4 great sword of the Hero {vamp, Contam rN+
                  | Int+2 Stlth+}
 39283 | Elf:3    | Identified the amulet of Luecw {RegenMP Str+3 Stlth+}
 39292 | Elf:3    | Found the sphere of Battle
 39301 | Elf:3    | Identified the +3 battleaxe "Wishiqoe" {antimagic, rElec
                  | rF+ Will+ Str+3}
 39302 | Elf:3    | Identified the +6 battleaxe "Myuxtod" {venom, rC+}
 39329 | Elf:3    | Identified the +5 whip "Ocridd" {drain, Str-3 Int+4}
 39363 | Elf:3    | Identified the +0 spear of the Trees {chaos, rN+ rCorr}
 39389 | Elf:3    | Identified the +4 scale mail of Repulsion {Regen+ Int+4}
 39461 | Elf:3    | Identified the ring "Gaereng" {rC+ rCorr Str-3 Dex+2}
 39737 | Depths:1 | Entered Level 1 of the Depths
 39748 | Depths:1 | Received a gift from Trog
 40170 | Depths:1 | Found a sacrificial altar of Ru.
 40190 | Depths:1 | Found an iron altar of Okawaru.
 40252 | Depths:1 | Found a stormy altar of Qazlal.
 40298 | Depths:1 | Found a gateway to Hell.
 40732 | Depths:1 | Identified the +8 whip of Yhoggew {pain, rF+++ Str+5}
 40896 | Depths:1 | Received a gift from Trog
 40921 | Depths:1 | Identified the +0 orcbow of Hard Scrabble {freeze, Fly rC+
                  | Stlth+}
 40937 | Depths:1 | Found the +0 mask of the Dragon {Will+ Slay+3 SInv}
 41612 | Depths:2 | Reached XP level 23. HP: 227/227 MP: 22/22
 41913 | Depths:2 | Found a one-way gate leading to the halls of Pandemonium.
 42111 | Depths:3 | Found a one-way gateway to a ziggurat.
 42167 | Depths:3 | Received a gift from Trog
 42253 | Depths:3 | Found a magical portal.
 42262 | WizLab   | Entered The Chambers of the Cloud Mage
 42875 | WizLab   | Identified the +7 quick blade of the Burning Penguin
                  | {heavy, rC- rCorr Str+3}
 43651 | Depths:3 | Received a gift from Trog
 43841 | Depths:4 | Entered Level 4 of the Depths
 43902 | Depths:4 | Noticed Jory
 43903 | Depths:4 | Noticed Sojobo
 43917 | Depths:4 | Killed Jory
 43939 | Depths:4 | Killed Sojobo
 44967 | D:15     | Bought a scroll of enchant armour for 120 gold pieces
 45184 | Depths:4 | Noticed a caustic shrike
 45186 | Depths:4 | Noticed a caustic shrike
 45191 | Depths:4 | Killed a caustic shrike
 45191 | Depths:4 | Noticed a caustic shrike
 45192 | Depths:4 | Noticed a caustic shrike
 45195 | Depths:4 | Noticed a caustic shrike
 45196 | Depths:4 | Killed a caustic shrike
 45201 | Depths:4 | Killed a caustic shrike
 45204 | Depths:4 | Killed a caustic shrike
 45208 | Depths:4 | Killed a caustic shrike
 45402 | Depths:4 | Found a gate to the Realm of Zot.
 45666 | Depths:4 | Reached XP level 24. HP: 235/237 MP: 22/22
 46062 | Depths:4 | Noticed Parghit
 46077 | Depths:4 | Killed Parghit
 46443 | Vaults:5 | Entered Level 5 of the Vaults
 46456 | Vaults:5 | Received a gift from Trog
 46501 | Vaults:5 | Identified the +1 scale mail of New Discoveries {Rampage
                  | Fly rF+ Regen+}
 46687 | Vaults:5 | Found Ugaseew's Distillery.
 46699 | Vaults:5 | Bought a potion of resistance for 190 gold pieces
 46699 | Vaults:5 | Bought 2 potions of haste for 380 gold pieces
 46699 | Vaults:5 | Bought a potion of heal wounds for 95 gold pieces
 46804 | Vaults:5 | Identified the +1 flail of Riranil {pain, rCorr Str+3 Dex-5
                  | SInv}
 46815 | Vaults:5 | Reached skill level 10 in Throwing
 46823 | Vaults:5 | Noticed an ancient lich
 46825 | Vaults:5 | Reached skill level 15 in Evocations
 46837 | Vaults:5 | Killed an ancient lich
 46951 | Vaults:5 | Received a gift from Trog
 47010 | Vaults:5 | Noticed a dread lich
 47018 | Vaults:5 | Killed a dread lich
 47068 | Vaults:5 | Got a silver rune of Zot
 47082 | Vaults:5 | Identified the staff "Ilisod" {rC+ SInv Ice}
 47116 | Vaults:5 | Identified the +0 orcbow of the Unliving {freeze, rF- rC+
                  | rN+ Str+4}
 47160 | Vaults:5 | Identified the +3 robe of Hucoaj {Int+2}
 47647 | Vaults:5 | Received a gift from Trog
 48105 | Zot:1    | Entered Level 1 of the Realm of Zot
 48293 | Zot:1    | Noticed an orb of fire
 48299 | Zot:1    | Gained mutation: You are covered in fur. (AC +1) [an orb of
                  | fire]
 48304 | Zot:1    | Noticed an orb of fire
 48308 | Zot:1    | Killed an orb of fire
 48323 | Zot:1    | Gained mutation: You are frail. (-10% HP) [an orb of fire]
 48324 | Zot:1    | Killed an orb of fire
 48395 | Zot:1    | Reached XP level 25. HP: 224/227 MP: 12/22
 48740 | Zot:1    | Lost mutation: You are frail. (-10% HP) [potion of
                  | mutation]
 48740 | Zot:1    | Lost mutation: You are covered in fur. (AC +1) [potion of
                  | mutation]
 48740 | Zot:1    | Gained mutation: You are partially covered in iridescent
                  | scales. (AC +2) [potion of mutation]
 49116 | Zot:2    | Received a gift from Trog
 49643 | Zot:3    | Noticed an orb of fire
 49661 | Zot:3    | Killed an orb of fire
 50187 | Zot:3    | Noticed an orb of fire
 50711 | Zot:4    | Reached skill level 27 in Fighting
 50790 | Zot:4    | Received a gift from Trog
 50850 | Zot:4    | Reached skill level 27 in Armour
 51802 | Zot:4    | Noticed an ancient lich
 51814 | Zot:4    | Killed an ancient lich
 51815 | Zot:4    | Reached XP level 26. HP: 254/266 MP: 22/22
 51834 | Zot:4    | Found a stormy altar of Qazlal.
 51867 | Zot:4    | Identified the +5 war axe "Umymn" {flame, *Corrode rN+
                  | Dex+8 Stlth+}
 52000 | Zot:5    | Entered Level 5 of the Realm of Zot
 52104 | Zot:5    | Identified the +8 broad axe "Yvockeco" {heavy, Will+} (Trog
                  | gifted it to you on level 5 of the Realm of Zot)
 52104 | Zot:5    | Received a gift from Trog
 52418 | Zot:5    | Noticed an ancient lich
 52441 | Zot:5    | Killed an ancient lich
 52445 | Zot:5    | Noticed an orb of fire
 52447 | Zot:5    | Noticed an orb of fire
 52456 | Zot:5    | Gained mutation: You are weak. (Str -2) [an orb of fire]
 52604 | Zot:5    | Killed an orb of fire
 52605 | Zot:5    | Noticed a dread lich
 52612 | Zot:5    | Noticed an ancient lich
 52629 | Zot:5    | Killed an orb of fire
 52636 | Zot:5    | Killed an ancient lich
 52649 | Zot:5    | Killed a dread lich
 52657 | Zot:5    | Noticed an ancient lich
 52674 | Zot:5    | Killed an ancient lich
 52724 | Zot:5    | Noticed a dread lich
 52749 | Zot:5    | Killed a dread lich
 52895 | Zot:5    | Noticed a dread lich
 52901 | Zot:5    | Killed a dread lich
 53072 | Zot:5    | Received a gift from Trog
 53145 | Zot:5    | Got the Orb of Zot
 53205 | Zot:5    | Noticed Neplazow the pandemonium lord
 53288 | Zot:2    | Noticed a seraph
 53308 | Zot:2    | Killed a seraph
 53351 | Zot:1    | Gained mutation: Your body sometimes deteriorates upon
                  | taking damage. [a cacodemon]
 53918 | D:$      | Escaped with the Orb!

Illustrated notes

Levels and vault maps discovered:
D:1:      minmay_arrival_open_corners, layout_rooms, serial_glass,
          glass_columns_b, glass_columns_b
D:2:      layout_loops_ring, serial_bayou, serial_bayou_shore_b,
          serial_bayou_pond_c, serial_bayou_pond_e, serial_bayou_lake_a,
          small_statue_intersection
D:3:      layout_loops_ring, fedhas_altar_2, minmay_misc_feat_x, uniq_sigmund
D:4:      layout_basic, wad_rectangle_vault, uniq_menkaure
D:5:      layout_loops_ring, mainiacjoe_overflow_alcove_4,
          nicolae_overflow_crystal_walls, minmay_temple_entry_mist, minivault_24
D:6:      layout_rooms, minitemple, uniq_crazy_yiuf_cottage, uniq_duvessa,
          uniq_maggie, uniq_eustachio
D:7:      layout_basic
D:8:      layout_cave_pools, overflow_temple_1_default, serial_rivers,
          chequers_serial_rivers_micro_a, chequers_serial_rivers_small_b,
          chequers_serial_rivers_large_a, chequers_serial_rivers_small_3,
          chequers_serial_rivers_micro_c, gammafunk_ghost_smash, minmay_orc_keep
D:9:      layout_roguey, nicolae_ashenzari_panopticon
D:10:     layout_loops_cross, tso_altar, lair_entry_dummy, orc_david_3,
          nicolae_where_there's_smoke, uniq_lodul
D:11:     layout_loops_ring, small_chamber_with_monster, uniq_josephine,
          uniq_maurice
D:12:     layout_loops_ring
D:13:     layout_basic, hellmonk_vaults_attempted_burglary
D:14:     layout_loops_ring, hangedman_abyss_or_decor_stabs,
          minmay_pinched_square
D:15:     grunt_enter_depths_hoard, layout_stronghold, nicolae_specific_store,
          uniq_kirke
Lair:1:   layout_big_grid
Lair:2:   layout_hall_layers, dummy_spider_entry, basic_altar,
          chequers_serial_rivers_micro_d
Lair:3:   layout_loops_ring, skrybe_swamp_entry_bodies, uniq_fannar
Lair:4:   layout_hall_layers, slime_entry_2, pf_torpor_hydra
Lair:5:   hellmonk_lair_end_abyssal_woods, layout_cellular_growth,
          lemuel_fruit_tree
Swamp:1:  layout_falls_marsh, evilmike_swamp_ruin_rubble_1,
          infiniplex_staircase_pool_2
Swamp:2:  layout_basic_swamp, evilmike_swamp_ruin_house_3, swamp_pool4,
          ldierk_geyser, nicolae_swamp_bunyip_nook
Swamp:3:  layout_basic_swamp, serial_swamp_ruin, evilmike_swamp_ruin_house_4,
          evilmike_swamp_ruin_rubble_2, swamp_pool4
Swamp:4:  swamp, layout_basic_swamp
Spider:1: layout_spider_delve, nicolae_spider_shape, uniq_mlioglotl
Spider:2: layout_spider_delve, spiders_nest_spider_trap,
          nicolae_spider_cling_halls, uniq_aizul
Spider:3: layout_spider_delve, hellmonk_ghost_happy_afterlife
Spider:4: grunt_spider_rune_circles
Orc:1:    layout_caves
Orc:2:    kennysheep_orc_mage_school, layout_diamond_mine, enter_volcano_2,
          bloody_makhleb
Elf:1:    eino_elf_arrival_altar, layout_gridlike, minmay_elf_crystal_heptagon,
          nicolae_letterblocks [nicolae_letter_subblock,
          nicolae_letter_subblock, nicolae_letter_subblock,
          nicolae_letter_subblock, nicolae_letter_subblock,
          nicolae_letter_subblock, nicolae_letter_subblock,
          nicolae_letter_subblock, nicolae_letter_subblock,
          nicolae_letter_subblock, nicolae_letter_subblock,
          nicolae_letter_subblock, nicolae_letter_subblock,
          nicolae_letter_subblock, nicolae_letter_subblock,
          nicolae_letter_subblock, nicolae_letter_subblock,
          nicolae_letter_subblock, nicolae_letter_subblock,
          nicolae_letter_subblock, nicolae_letter_subblock,
          nicolae_letter_subblock, nicolae_letter_subblock,
          nicolae_letter_subblock, nicolae_letter_subblock], minmay_shop_star
Elf:2:    nicolae_elf_blades_splatter_lattice [nicolae_blade_tridents],
          layout_gridlike, hex_medium, grunt_megastairs_1
Elf:3:    elf_hall, layout_loops_cross, serial_shops, nicolae_shop_peninsula,
          guppyfry_elf_garden
Vaults:1: hangedman_vaults_impose, hangedman_vaults_nails,
          hangedman_vaults_nails, ontoclasm_vaults_chip,
          nicolae_vaults_closet_pinwheel_2, nicolae_vaults_turnstiles,
          nicolae_vaults_oval_intersection, v_misc_28,
          nicolae_vaults_storage_room_statues, layout_vaults_omnicross,
          enter_trove_0
Vaults:2: gammafunk_ghost_grave, nicolae_vaults_shrinking_rooms_2,
          nicolae_vaults_circle_grid_b, nicolae_vaults_cornered_office,
          vaults_room_pools, nicolae_vaults_circle_grid_a,
          nicolae_vaults_trapezoid_3, nicolae_vaults_antechamber_and_loot_room,
          dpeg_vaults_monster_box, nicolae_vaults_puzzle_piece,
          nicolae_vaults_closet_pinwheel_4, vaults_dpeg_spiral,
          nicolae_vaults_wrenched, layout_vaults_omnibox, serial_shops, shop,
          uniq_xtahua
Vaults:3: v_pattern_3, nicolae_vaults_circle_grid_b,
          nicolae_vaults_closet_pinwheel_3, vaults_dpeg_cross,
          minmay_crypt_entry_necro_gods, v_misc_16, grunt_vaults_diagonal,
          nicolae_vaults_house_1, ontoclasm_vaults_ligature,
          vaults_room_stairs_pillars, v_misc_5, layout_vaults_omnigrid,
          serial_shops, shop, shop_fountains, shop
Vaults:4: nicolae_vaults_network_barrier, nicolae_vaults_apartment_2,
          grunt_vaults_bifocal, nicolae_vaults_mini_display_case,
          hangedman_vaults_maws, v_rooms_1, ontoclasm_vaults_gateway,
          nicolae_vaults_sesquioval_fish, nicolae_vaults_sesquioval_fish,
          vaults_dpeg_ring, vaults_room_guarded_vault, layout_vaults_big_room,
          uniq_boris
Vaults:5
Crypt:1:  layout_gridlike, grunt_megastairs_3, uniq_frederick, uniq_zenata
Crypt:2:  layout_chaotic_city, st_stairs_5, uniq_grunn, uniq_donald
Crypt:3:  due_elkab, layout_chaotic_city, uniq_bai_suzhen
Depths:1: evilmike_iron_armoury, layout_cave_shapes,
          nicolae_qazlal_general_emergency, grunt_hell_horde,
          nicolae_ru_awakened_eye, kennysheep_random_hallway
Depths:2: wad_cavern_with_rooms, layout_long_grid, hell_entry,
          abyss_entry_small_statue_room, pan_entry
Depths:3: minmay_bubble_buster, layout_gridlike, enter_ziggurat_e,
          mu_enter_wizlab_5, abyss_entry, hangedman_coc_ice_floe,
          minmay_door_square, minmay_hedge_maze, serial_bayou_pond_b,
          minmay_misc_feat_square, serial_sigils_hangedman_confine
Depths:4: evilmike_zot_entry_diamond, layout_basic, hell_entry, abyss_entry,
          water_maze_lemuel, serial_bayou_shore_b, uniq_jory, uniq_parghit,
          uniq_sojobo
Zot:1:    nicolae_zot_stationary_front, layout_onion_interference
Zot:2:    layout_misc_corridors
Zot:3:    kennysheep_blocky_room, layout_gridlike, nrook_zot_tub
Zot:4:    regret_index_qazlal_generations, layout_basic
Zot:5:    layout_basic

Skill      XL: |  1  2  3  4  5  6  7  8  9 10 11 12 13 14 15 16 17 18 19 20 21 22 23 24 25 26 |
---------------+-------------------------------------------------------------------------------+-----
Axes           | 4 5 7 8 9 11 12 13 14 15 16 17 18 19 20 21 22 24 | 24.2
Fighting       | 5 7 8 10 11 12 14 15 16 18 19 20 21 23 24 25 27 | 27.0
Armour         | 4 6 8 9 11 12 13 15 16 17 18 19 20 21 24 27 | 27.0
Dodging        | 4 6 7 9 10 11 12 14 15 16 17 18 19 20 22 | 22.1
Throwing       | 2 4 6 9 10 | 10.0
Evocations     | 2 3 4 6 10 12 14 15 | 15.0
Shields        | 4 7 9 11 13 14 16 17 18 20 21 22 24 | 24.2

Action                     |  1- 3 |  4- 6 |  7- 9 | 10-12 | 13-15 | 16-18 | 19-21 | 22-24 | 25-27 || total
---------------------------+-------+-------+-------+-------+-------+-------+-------+-------+-------++-------
  Melee: Hand axe          |    41 |    54 |   211 |    64 |       |       |       |       |       ||   370
         Headbutt          |     4 |     6 |    35 |   116 |   234 |   233 |   288 |   375 |   309 ||  1600
         Punch             |       |       |     2 |     9 |       |       |       |       |       ||    11
         War axe           |       |       |       |   479 |    17 |       |       |       |       ||   496
         Broad axe         |       |       |       |       |   911 |   916 |   883 |  1202 |   831 ||  4743
  Throw: Boomerang         |       |       |       |       |     5 |       |       |       |       ||     5
 Invoke: Berserk           |       |     1 |     6 |     7 |       |     4 |     3 |     1 |       ||    22
         Trog's Hand       |       |       |       |       |     3 |     2 |     1 |     2 |     2 ||    10
         Brothers in Arms  |       |       |       |       |       |     2 |     1 |     2 |     2 ||     7
  Evoke: Wand              |       |       |       |       |     3 |       |       |       |       ||     3
    Use: Potion            |       |     1 |       |       |       |       |     1 |     2 |     6 ||    10
         Scroll            |       |       |     1 |    17 |    16 |     6 |     2 |    14 |     2 ||    58
   Stab: Distracted        |       |       |       |       |     2 |       |       |       |       ||     2
         Petrifying        |       |       |       |       |     1 |       |       |       |       ||     1
         Petrified         |       |       |       |       |     6 |       |       |       |       ||     6
 Armour: Ring mail         |    23 |    33 |    48 |       |       |       |       |       |       ||   104
         Scale mail        |       |       |    28 |    31 |       |       |       |       |       ||    59
         Plate armour      |       |       |       |   167 |    78 |     2 |    87 |    96 |       ||   430
         Chain mail        |       |       |       |       |    81 |   179 |       |       |       ||   260
         Gold dragon scale |       |       |       |       |       |       |       |    89 |   186 ||   275
  Dodge: Dodged            |    28 |    37 |   148 |   288 |   242 |   459 |   209 |   342 |   275 ||  2028
  Block: Kite shield       |       |       |       |    37 |   695 |   978 |   492 |   788 |   610 ||  3600
         Reflection        |       |       |       |       |    24 |    48 |    33 |    66 |    11 ||   182

Table legend: (Time is in decaauts)
 A = Elapsed time spent in this place.
 B = Non-inter-level travel time spent in this place.
 C = Inter-level travel time spent in this place.
 D = Time resting spent in this place.
 E = Time spent auto-exploring this place.
 F = Levels seen in this place.
 G = Mean time per level.
                   A        B        C        D        E       F      G
               +--------+--------+--------+--------+--------+-----+--------+
         Total |  52261 |  47495 |   4766 |   5502 |  25469 |  53 |  986.1 |
       Dungeon |  15801 |  13938 |   1863 |   1565 |   9264 |  15 | 1053.4 |
          Lair |   6690 |   6288 |    402 |    752 |   4196 |   5 | 1338.0 |
         Swamp |   1002 |    918 |     84 |    237 |     18 |   4 |  250.5 |
   Spider Nest |   3304 |   3184 |    120 |    683 |   1158 |   4 |  826.0 |
  Orcish Mines |   2316 |   2151 |    165 |    658 |    524 |   2 | 1158.0 |
   Elven Halls |   3075 |   2596 |    479 |     84 |   1637 |   3 | 1025.0 |
        Vaults |   6118 |   5574 |    544 |    229 |   2968 |   5 | 1223.6 |
         Crypt |   3185 |   3082 |    103 |    353 |   1373 |   3 | 1061.7 |
        Depths |   4992 |   4390 |    602 |    398 |   2336 |   4 | 1248.0 |
           Zot |   4838 |   4436 |    402 |    331 |   1959 |   5 |  967.6 |
         Trove |     45 |     45 |      0 |      0 |      0 |   1 |   45.0 |
       Volcano |    179 |    179 |      0 |      0 |      0 |   1 |  179.0 |
        Wizlab |    710 |    710 |      0 |    210 |     35 |   1 |  710.0 |
               +--------+--------+--------+--------+--------+-----+--------+

Top non-repeatable levels by time:
    D:10: 2058 daAuts
Spider:3: 1779 daAuts
   Orc:2: 1776 daAuts
Depths:1: 1626 daAuts
  Lair:5: 1544 daAuts
  Lair:3: 1457 daAuts
 Crypt:3: 1450 daAuts
     D:7: 1418 daAuts
Depths:4: 1409 daAuts
Vaults:2: 1355 daAuts
  Lair:4: 1355 daAuts
    D:15: 1347 daAuts
   Zot:4: 1304 daAuts
Vaults:1: 1275 daAuts
   Elf:1: 1229 daAuts
